 Dungeon Crawl Stone Soup version 0.23-a0-46-g8441a8a (webtiles) character file.

406 BigChef the Insei (level 6, -8/48 HPs)
             Began as a Demonspawn Chaos Knight on Aug 5, 2018.
             Mangled by a two-headed ogre
             ... wielding a +0 giant club
              (17 damage)
             ... on level 5 of the Dungeon.
             The game lasted 00:13:43 (5022 turns).

BigChef the Insei (Demonspawn Chaos Knight)         Turns: 5022, Time: 00:13:50

Health: -8/48      AC: 11    Str: 14    XL:     6   Next: 56%
Magic:  6/6        EV: 10    Int: 13    God:    Xom [.*....]
Gold:   238        SH:  0    Dex: 17    Spells: 5/5 levels left

rFire    . . .     SeeInvis .     - Unarmed
rCold    + . .     Gourm    .   i - +0 buckler
rNeg     . . .     Faith    .   g - +0 scale mail of Surprise {rC+ Str+2 Stlth+} (curse)
rPois    .         Spirit   .   (no helmet)
rElec    .         Reflect  .   o - +0 cloak
rCorr    .         Harm     .   m - +1 pair of gloves
MR       .....                  f - +0 pair of boots
Stlth    ++........             h - amulet of regeneration
HPRegen  0.56/turn              l - ring of wizardry
MPRegen  0.10/turn              (no ring)

@: confused
A: claws 2, agile 1, nightstalker 1, sturdy frame 1
a: Renounce Religion


You were on level 5 of the Dungeon.
You worshipped Xom.
You were a plaything of Xom.
You were full.

You visited 1 branch of the dungeon, and saw 5 of its levels.

You collected 238 gold pieces.

Inventory:

Armour
 a - a +3 leather armour
 f - a +0 pair of boots (worn)
 g - the cursed +0 scale mail of Surprise (worn) {rC+ Str+2 Stlth+}
   (You found it on level 4 of the Dungeon)

   It affects your strength (+2).
   It protects you from cold.
   It makes you more stealthy.
   It has a curse placed upon it.
 i - a +0 buckler (worn)
 m - a +1 pair of gloves (worn)
 o - a +0 cloak (worn)
Jewellery
 h - an amulet of regeneration (around neck)
 l - a ring of wizardry (left hand)
Wands
 k - a wand of clouds (7)
Scrolls
 d - 2 scrolls of amnesia
 e - a scroll of magic mapping
 j - 2 scrolls of identify
 n - a scroll of teleportation
Comestibles
 b - 5 rations


   Skills:
 + Level 3.7 Fighting
 + Level 3.0 Armour
 + Level 2.2 Dodging
 + Level 1.6 Stealth
 + Level 1.2 Shields
 + Level 4.9 Unarmed Combat


You had 5 spell levels left.
You didn't know any spells.
Your spell library was empty.

Dungeon Overview and Level Annotations

Branches:
Dungeon (5/15)             Temple (0/1) D:4

Altars:
Trog
Wu Jian


Innate Abilities, Weirdness & Mutations

You have very sharp fingernails.
You are slightly more attuned to the shadows.
Your movements are slightly less encumbered by armour. (ER -2)
You are agile. (Dex +2)


Message History

Noxious gases pour from your hands!
You are engulfed in noxious fumes.
You choke on the stench!
You are confused.
* * * LOW HITPOINT WARNING * * *
You're too confused to move!
You are engulfed in noxious fumes.
You choke on the stench!
You are more confused.
You are engulfed in noxious fumes.
You choke on the stench!
You are more confused.
* * * LOW HITPOINT WARNING * * *
Xom's power touches on your mind for a moment.
The two-headed ogre looks rather confused.
You bump into the rock wall.
You are engulfed in noxious fumes.
You choke on the stench!
You are more confused.
* * * LOW HITPOINT WARNING * * *
Xom makes a sudden noise!
You hear the tinkle of an enormous bell.
The two-headed ogre hits you with a giant club!
You die...
Xom guffaws!

.......# #.#
.#####.# #.#
#.# #.# #.#
#.# #.# #.#
#.# #.# #.#
#.#
#.########§#
#.§§§@O§§§§#
############


You could see a two-headed ogre (confused).

Vanquished Creatures
  A howler monkey (D:4)
  A hound (D:3)
  An orc wizard (D:3)
  An iguana (D:4)
  2 worker ants
  9 adders
  A shadow imp (D:3)
  3 worms
  A dart slug (D:3)
  6 leopard geckos
  14 orcs
  7 bats
  4 giant cockroaches
  10 hobgoblins
  4 jackals (D:2)
  10 kobolds
  A quokka (D:4)
  A ball python (D:4)
  7 goblins
  7 rats
91 creatures vanquished.

Vanquished Creatures (collateral kills)
  An orc wizard (D:4)
  2 worker ants (D:4)
3 creatures vanquished.

Vanquished Creatures (others)
  2 adders (D:4)
  2 plants (D:4)
4 creatures vanquished.

Grand Total: 98 creatures vanquished

Notes
Turn   | Place    | Note
-------+----------+-------------------------------------------
     0 | D:1      | BigChef the Demonspawn Chaos Knight began the quest for the Orb.
     0 | D:1      | Reached XP level 1. HP: 18/18 MP: 1/1
   339 | D:1      | Gained mutation: You are slightly more attuned to the shadows. [demonic ancestry]
   339 | D:1      | Reached XP level 2. HP: 23/24 MP: 2/2
   415 | D:1      | XOM: divination: magic mapping
   511 | D:1      | Reached skill level 1 in Dodging
   674 | D:1      | Reached skill level 3 in Unarmed Combat
   832 | D:1      | XOM: harmless Tloc miscast
  1519 | D:2      | Gained mutation: You have sharp fingernails. [demonic ancestry]
  1519 | D:2      | Reached XP level 3. HP: 29/29 MP: 3/3
  1564 | D:2      | XOM: potion effect (agility)
  1801 | D:2      | XOM: harmless Conj miscast
  2099 | D:2      | XOM: harmless Necr miscast
  2374 | D:2      | XOM: 3-stop teleportation journey
  2838 | D:3      | Found a bloodstained altar of Trog.
  2856 | D:3      | XOM is BORED!
  2856 | D:3      | XOM: blink monster(s)
  2873 | D:3      | XOM: fake destruction
  2959 | D:3      | XOM: give mutation
  2959 | D:3      | Gained mutation: You are agile. (Dex +2) [Xom's grace]
  2983 | D:3      | Gained mutation: Your movements are slightly less encumbered by armour. (ER -2) [demonic ancestry]
  2983 | D:3      | Reached XP level 4. HP: 33/35 MP: 4/4
  3065 | D:3      | XOM: cloud trail
  3206 | D:3      | Reached skill level 1 in Stealth
  3218 | D:3      | XOM: potion effect (invisibility)
  3476 | D:3      | Gained mutation: You have very sharp fingernails. [demonic ancestry]
  3476 | D:3      | Reached XP level 5. HP: 35/41 MP: 5/5
  3489 | D:3      | Found an ornate altar of the Wu Jian Council.
  3604 | D:3      | XOM: god gift: scroll of amnesia
  3664 | D:3      | XOM: god gift: 25 arrows
  3854 | D:3      | XOM: smoke on damage
  3859 | D:3      | Reached skill level 4 in Unarmed Combat
  3877 | D:3      | XOM: divination: detect items
  3888 | D:3      | XOM: god gift: 16 gold pieces
  3899 | D:3      | XOM: cloud trail
  4094 | D:4      | XOM: destruction
  4118 | D:4      | Reached XP level 6. HP: 46/48 MP: 6/6
  4177 | D:4      | XOM: summons friendly ufetubus
  4182 | D:4      | XOM: fog
  4268 | D:4      | Reached skill level 1 in Shields
  4376 | D:4      | Got a slimy scale mail
  4387 | D:4      | Identified the cursed +0 scale mail of Surprise {rC+ Str+2 Stlth+} (You found it on level 4 of the Dungeon)
  4431 | D:4      | XOM: 2-stop teleportation journey
  4577 | D:4      | Found a staircase to the Ecumenical Temple.
  4744 | D:4      | XOM: scenery: 1 doors close
  4826 | D:5      | Entered Level 5 of the Dungeon
  4943 | D:5      | Noticed a two-headed ogre
  4950 | D:5      | XOM: cast spell 'Disjunction'
  5010 | D:5      | XOM: enchant monster (bad)
  5018 | D:5      | XOM: mild Air miscast
  5021 | D:5      | XOM: confuse monster(s)
  5022 | D:5      | XOM: noise
  5022 | D:5      | Mangled by a two-headed ogre

Vault maps used:
D:1:      lemuel_arrival_lava_pool, minmay_misc_feat_rows
D:3:      nicolae_overflow_crystal_walls, first_ration, trog_hazing_becter
D:4:      minmay_temple_entry_enclosed_plants, saegor_snake_ambush
D:5:      lemuel_flame_loot_1, uniq_prince_ribbit1

Skill      XL: |  1  2  3  4  5  6 |
---------------+-------------------+-----
Dodging        | 1 2 |  2.2
Armour         | 2 3 |  3.0
Unarmed Combat | 3 4 |  4.9
Stealth        | 1 |  1.6
Shields        | 1 |  1.2
Fighting       | |  3.7

Action                   |  1- 3 |  4- 6 || total
-------------------------+-------+-------++-------
Melee: Unarmed           |   176 |   222 ||   398
Evoke: Wand              |       |     1 ||     1
  Use: Scroll            |     5 |     6 ||    11
       Potion            |     2 |     3 ||     5
 Stab: Sleeping          |     6 |       ||     6
       Distracted        |       |     4 ||     4
  Eat: Chunk             |     2 |     2 ||     4
       Ration            |     2 |     2 ||     4
Armor: Leather armour    |    90 |    64 ||   154
       Scale mail        |       |     2 ||     2
Dodge: Dodged            |   118 |   111 ||   229
Block: Buckler           |    10 |    47 ||    57

Table legend:
 A = Spawn XP
 B = Non-spawn XP
 C = Spawn XP percentage of total XP
 D = Spawn monster count
 E = Non-spawn monster count
 F = Spawn count percentage of total count
 G = Total turns spent on level
                    A         B        C        D         E        F      G
               +---------+---------+-------+---------+---------+-------+---------
         Total |       0 |     581 |   0.0 |       0 |      95 |   0.0 |  5022
               +---------+---------+-------+---------+---------+-------+---------
           D:1 |       0 |      40 |   0.0 |       0 |      25 |   0.0 |  1394
           D:2 |       0 |      38 |   0.0 |       0 |      11 |   0.0 |  1410
           D:3 |       0 |     232 |   0.0 |       0 |      37 |   0.0 |  1120
           D:4 |       0 |     238 |   0.0 |       0 |      21 |   0.0 |   902
           D:5 |       0 |      33 |   0.0 |       0 |       1 |   0.0 |   196
               +---------+---------+-------+---------+---------+-------+---------
